[Event "Titled Tuesday Blitz January 31 Early 2023"]
[White "Torres Dominguez, David"]
[Black "Martynov, Pavel"]
[WhiteFideId "2220857"]
[BlackFideId "4101260"]
[WhiteElo "1994"]
[BlackElo "2414"]
[Result "0-1"]
[Round "03"]
[TimeControl "180+2"]
[Date "2023.01.31"]
[WhiteClock "0:00:02"]
[BlackClock "0:00:14"]

1. e4 c5 2. Nc3 Nc6 3. f4 g6 4. Nf3 Bg7 5. a4 d6 6. Bb5 Bd7 7. O-O e6 8. d3 Nge7 9. Be3 Nd4 10. Bxd7+ Qxd7 11. Bxd4 cxd4 12. Ne2 Nc6 13. c4 dxc3 14. bxc3 O-O 15. d4 Rac8 16. Qd3 Na5 17. Nd2 Rc7 18. f5 Rfc8 19. h4 Nc4 20. Nxc4 Rxc4 21. Rf3 d5 22. fxg6 hxg6 23. e5 Qe7 24. g3 R8c7 25. Raf1 Rxa4 26. Rxf7 Qxf7 27. Rxf7 Rxf7 28. Nf4 Ra1+ 29. Kg2 Rf5 30. Nxe6 a5 31. Qb5 Raf1 32. Qe8+ Kh7 33. Ng5+ Rxg5 34. hxg5 Rc1 35. e6 Re1 36. Kf2 Re4 37. Kf3 a4 38. Qf7 a3 39. e7 a2 40. e8=Q Rxe8 41. Qxe8 a1=Q 42. Qe2 Qxc3+ 0-1


[Site "https://www.chess.com"]

[Event "Titled Tuesday Blitz January 31 Early 2023"]
[White "Kim, Sergey"]
[Black "Lesbekova, Assel"]
[WhiteFideId "13700570"]
[BlackFideId "13713248"]
[WhiteElo "2295"]
[BlackElo "1772"]
[Result "0-1"]
[Round "03"]
[TimeControl "180+2"]
[Date "2023.01.31"]
[WhiteClock "0:00:43"]
[BlackClock "0:00:29"]

1. d4 f5 2. c4 d6 3. Nf3 Nf6 4. g3 g6 5. Bg2 Bg7 6. O-O O-O 7. Nc3 Nc6 8. d5 Ne5 9. Nxe5 dxe5 10. c5 e4 11. Qb3 h6 12. Rd1 Kh7 13. d6 exd6 14. cxd6 cxd6 15. Bf4 Ne8 16. Nb5 Rf6 17. Be5 Re6 18. Bxg7 Kxg7 19. Rac1 a6 20. Nc3 Re5 21. Nd5 Rb8 22. Nb4 Be6 23. Qa3 Qa5 24. Nc2 Qxa3 25. Nxa3 Bxa2 26. e3 b5 27. Bf1 Rb7 28. Rd2 Rc5 29. Rcd1 Bb3 30. Re1 Rbc7 31. Be2 b4 32. Nb1 Rc1 33. Kf1 Rxe1+ 34. Kxe1 Rc1+ 0-1


[Site "https://www.chess.com"]

[Event "Titled Tuesday Blitz January 31 Early 2023"]
[White "Michalski, Olaf"]
[Black "Lamaze, Simon"]
[WhiteFideId "1106740"]
[BlackFideId "36069264"]
[WhiteElo "2273"]
[BlackElo "2363"]
[Result "0-1"]
[Round "03"]
[TimeControl "180+2"]
[Date "2023.01.31"]
[WhiteClock "0:00:01"]
[BlackClock "0:00:06"]

1. d4 Nf6 2. c4 g6 3. Nc3 Bg7 4. e4 d6 5. Nf3 O-O 6. Be2 e5 7. d5 a5 8. O-O Na6 9. Bg5 Qe8 10. Nd2 h6 11. Be3 Nd7 12. a3 f5 13. f3 f4 14. Bf2 g5 15. g4 h5 16. h3 Nf6 17. b4 b6 18. Nb3 Bd7 19. bxa5 bxa5 20. Nxa5 hxg4 21. hxg4 Kf7 22. Kg2 Rh8 23. Rh1 Nc5 24. Bxc5 dxc5 25. Nb3 Qe7 26. Qg1 Rh4 27. Rxh4 gxh4 28. Qxc5 h3+ 29. Kxh3 Qd8 30. Kg2 Bf8 31. Qf2 Bxa3 32. c5 Bb4 33. Rxa8 Qxa8 34. Nb5 Qa4 35. Nxc7 Qxb3 36. c6 Bc8 37. Nb5 Ne8 38. d6 Nxd6 39. Nxd6+ Bxd6 40. Qa7+ Kf6 41. Qh7 Qf7 42. Qh6+ Qg6 43. g5+ Kf7 44. Qh4 Be6 0-1


[Site "https://www.chess.com"]

[Event "Titled Tuesday Blitz January 31 Early 2023"]
[White "Ivanova, Karina"]
[Black "Al-Tarboush, Ward"]
[WhiteFideId "24139750"]
[BlackFideId "7601450"]
[WhiteElo "2085"]
[BlackElo "2256"]
[Result "0-1"]
[Round "03"]
[TimeControl "180+2"]
[Date "2023.01.31"]
[WhiteClock "0:00:57"]
[BlackClock "0:01:29"]

1. Nf3 Nf6 2. g3 g6 3. Bg2 Bg7 4. O-O d5 5. d4 O-O 6. c4 dxc4 7. Na3 c5 8. Nxc4 Ne4 9. dxc5 Nc6 10. Qa4 Nxc5 11. Qc2 Bf5 12. Qd2 Qc7 13. Nh4 Rad8 14. Qe3 Bd4 15. Qh6 Bg7 16. Qe3 Nd4 17. Nxf5 Nxf5 18. Qa3 Nd4 19. Be3 Nxe2+ 20. Kh1 Nd4 21. Rac1 b6 22. b4 Nb5 23. bxc5 Nxa3 24. Nxa3 bxc5 25. Rxc5 Qd6 26. Ra5 a6 27. Nc4 Qe6 28. Nd2 Bc3 0-1


[Site "https://www.chess.com"]

[Event "Titled Tuesday Blitz January 31 Early 2023"]
[White "Sukandar, Irine Kharisma"]
[Black "Winkels, Marcel"]
[WhiteFideId "7101937"]
[BlackFideId "1003887"]
[WhiteElo "2390"]
[BlackElo "1960"]
[Result "1-0"]
[Round "03"]
[TimeControl "180+2"]
[Date "2023.01.31"]
[WhiteClock "0:00:21"]
[BlackClock "0:00:18"]

1. d4 Nf6 2. Bf4 c5 3. e3 g6 4. Nc3 Bg7 5. Nf3 cxd4 6. exd4 O-O 7. Bd3 d5 8. O-O Nc6 9. a3 Bg4 10. Be2 Rc8 11. h3 Bf5 12. Bd3 Bxd3 13. Qxd3 Na5 14. Ne5 Nc4 15. Nxc4 Rxc4 16. Ne2 Ne4 17. c3 a6 18. b3 Rc8 19. c4 Nf6 20. Rfd1 Qb6 21. c5 Qc6 22. Nc3 Rfd8 23. b4 Ne4 24. a4 Nxc3 25. Qxc3 Qf6 26. Be5 Qc6 27. Bxg7 Kxg7 28. Qe3 Re8 29. Rdb1 f6 30. b5 Qc7 31. Qe6 Rcd8 32. bxa6 bxa6 33. Qxa6 Qf4 34. Qd3 e5 35. Rb7+ Kh8 36. dxe5 fxe5 37. c6 d4 38. c7 Rc8 39. a5 Re7 40. Qc4 Qf7 41. Qxf7 Rxf7 42. a6 Rff8 43. a7 Kg7 44. Rb8 Rxc7 45. a8=Q Rcc8 46. Rxc8 1-0


[Site "https://www.chess.com"]

[Event "Titled Tuesday Blitz January 31 Early 2023"]
[White "Mangialardo, Tiago Carvalho"]
[Black "Ordekalog"]
[WhiteFideId "2130718"]
[WhiteElo "1965"]
[BlackElo "2589"]
[Result "0-1"]
[Round "03"]
[TimeControl "180+2"]
[Date "2023.01.31"]
[WhiteClock "0:00:48"]
[BlackClock "0:02:07"]

1. e4 d5 2. exd5 Qxd5 3. Nc3 Qa5 4. d4 Nf6 5. Nf3 Bg4 6. Be2 Nc6 7. Be3 O-O-O 8. O-O e5 9. d5 Nxd5 10. Nxd5 Rxd5 11. Qc1 e4 12. Nd4 Bxe2 13. Nxe2 Bd6 14. a3 Rh5 15. g3 Qf5 16. h4 Qg4 17. Re1 Ne5 18. Kg2 Rxh4 19. Rh1 Qf3+ 0-1


[Site "https://www.chess.com"]

[Event "Titled Tuesday Blitz January 31 Early 2023"]
[White "Sharapov, Evgeny"]
[Black "Gottstein, Claudius-Thomas"]
[WhiteFideId "14103133"]
[BlackFideId "4653327"]
[WhiteElo "2375"]
[BlackElo "2113"]
[Result "1-0"]
[Round "03"]
[TimeControl "180+2"]
[Date "2023.01.31"]
[WhiteClock "0:00:09"]
[BlackClock "0:00:16"]

1. e4 Nf6 2. Nc3 d5 3. exd5 Nxd5 4. Bc4 c6 5. Qf3 e6 6. Nge2 Be7 7. O-O Nd7 8. d4 N7f6 9. Bb3 a5 10. a4 b6 11. Ne4 Bb7 12. N2g3 Nxe4 13. Nxe4 Nf6 14. Nxf6+ Bxf6 15. c3 O-O 16. Bf4 Be7 17. Rad1 Bd6 18. Bc2 Bxf4 19. Qxf4 Qb8 20. Qg5 h6 21. Qh5 Qf4 22. Rfe1 Qg5 23. Qxg5 hxg5 24. Re5 Rfd8 25. Rxg5 f6 26. Rg3 Kf7 27. Re3 c5 28. dxc5 Rxd1+ 29. Bxd1 Rd8 30. Bb3 bxc5 31. Bxe6+ Kf8 32. h3 Rd1+ 33. Kh2 Rd2 34. Kg3 Rxb2 35. Bd7 Rd2 36. Bb5 Rd8 37. Re6 Rc8 38. Rb6 Rc7 39. Ba6 Bd5 40. Bb5 Bb7 41. f3 Ke7 42. Bc4 Kd7 43. Be6+ Ke7 44. Bf5 Bc6 45. Ra6 Bxa4 46. Rxa5 Bb3 47. h4 Be6 48. Kf4 c4 49. Be4 Rd7 50. Rb5 Rd2 51. Rb7+ Kd6 52. Rxg7 f5 53. Bxf5 Bxf5 54. Kxf5 Rd3 55. h5 Rxc3 56. h6 Rc1 57. h7 Rh1 58. Ke4 c3 59. Kd3 1-0


[Site "https://www.chess.com"]

[Event "Titled Tuesday Blitz January 31 Early 2023"]
[White "Delorme, Alban"]
[Black "Elgersma, Onno"]
[WhiteFideId "623636"]
[BlackFideId "1053531"]
[WhiteElo "2298"]
[BlackElo "2276"]
[Result "1/2-1/2"]
[Round "03"]
[TimeControl "180+2"]
[Date "2023.01.31"]
[WhiteClock "0:00:04"]
[BlackClock "0:00:09"]

1. e4 c6 2. d4 d5 3. exd5 cxd5 4. Nf3 Nc6 5. Bb5 e6 6. c3 Nf6 7. O-O Bd7 8. Bxc6 Bxc6 9. Ne5 Bd6 10. Bf4 O-O 11. Nd2 Be8 12. Re1 a5 13. a4 Qb6 14. Qb3 Qa6 15. c4 dxc4 16. Ndxc4 Bb4 17. Red1 Nd5 18. Bg3 b5 19. axb5 Bxb5 20. Rdc1 Rac8 21. Na3 Be2 22. Nc2 Bd2 23. Nd7 Bxc1 24. Nxf8 Kxf8 25. Rxc1 Bd3 26. Bd6+ Qxd6 27. Qxd3 Nb4 28. Qa3 Kg8 29. b3 Qc6 30. Qxa5 Nxc2 31. h3 h6 32. b4 Qc3 33. Qa6 Rc7 34. b5 Qd2 35. Rb1 Nxd4 36. b6 Rc1+ 37. Rxc1 Qxc1+ 38. Kh2 Qf4+ 39. Kg1 Nc6 40. Qa8+ Nb8 41. Qb7 g6 42. Qc8+ Kg7 43. Qc7 e5 44. Qxb8 Qc1+ 45. Kh2 Qf4+ 46. Kg1 Qc1+ 47. Kh2 Qf4+ 48. Kg1 1/2-1/2


[Site "https://www.chess.com"]

[Event "Titled Tuesday Blitz January 31 Early 2023"]
[White "Aung Thant Zin"]
[Black "TheKnightOfBosnia"]
[WhiteFideId "13000063"]
[WhiteElo "2268"]
[BlackElo "2546"]
[Result "1-0"]
[Round "03"]
[TimeControl "180+2"]
[Date "2023.01.31"]
[WhiteClock "0:00:24"]
[BlackClock "0:00:27"]

1. e4 e5 2. Nf3 Nc6 3. d4 exd4 4. Nxd4 Nf6 5. Nc3 Bb4 6. Nxc6 bxc6 7. Bd3 d5 8. exd5 O-O 9. O-O cxd5 10. h3 h6 11. Qf3 c6 12. Ne2 Bd6 13. Bf4 Rb8 14. b3 a5 15. Rad1 Be6 16. Nd4 Qd7 17. a4 Rfe8 18. Rfe1 Rbc8 19. Bxh6 Ne4 20. Bf4 Bb4 21. Rxe4 dxe4 22. Bxe4 Bd5 23. Bxd5 Qxd5 24. Qg4 Rcd8 25. Rd3 Re1+ 26. Kh2 Bd6 27. Nf3 Qe6 28. Nxe1 Qxg4 29. hxg4 Bxf4+ 30. g3 Re8 31. gxf4 Rxe1 32. Rc3 Re6 33. Rc5 Re2 34. Kg3 g6 35. Rxc6 Kg7 36. Rc5 Rd2 37. Rxa5 Rxc2 38. Rb5 Kf6 39. a5 Ra2 40. b4 Ra3+ 41. f3 Ke7 42. Rb6 Kd7 43. b5 Kc7 44. Rc6+ Kd7 45. a6 Ra5 46. Rb6 Kc7 47. Rb7+ Kc8 48. f5 gxf5 49. gxf5 f6 50. Kf4 Ra4+ 51. Ke3 Rb4 52. Kd3 Ra4 53. Rb6 Rb4 54. a7 Ra4 55. Rb8+ Kc7 56. a8=Q Rxa8 57. Rxa8 Kb6 58. Rf8 Kxb5 59. Rxf6 Kc5 60. Re6 Kd5 61. Re4 Kd6 62. f6 Kd5 63. f7 Kc6 64. f8=Q Kb5 65. Qf5+ Ka6 66. Re6+ Ka7 67. Qf7+ Kb8 68. Re8# 1-0


[Site "https://www.chess.com"]

[Event "Titled Tuesday Blitz January 31 Early 2023"]
[White "Mohammed, Zozek Salah Mohammed"]
[Black "Baruch, Liam"]
[WhiteFideId "4803361"]
[BlackFideId "14322064"]
[WhiteElo "2210"]
[BlackElo "1718"]
[Result "1/2-1/2"]
[Round "03"]
[TimeControl "180+2"]
[Date "2023.01.31"]
[WhiteClock "0:00:39"]
[BlackClock "0:00:10"]

1. d4 d5 2. Nf3 Nf6 3. g3 e6 4. Bg2 Be7 5. O-O O-O 6. c4 dxc4 7. Qc2 a6 8. a4 Bd7 9. Qxc4 Bc6 10. Nc3 a5 11. Bg5 Na6 12. Bxf6 Bxf6 13. e4 Nb4 14. Rad1 Qe8 15. b3 Rd8 16. h4 h6 17. d5 Bxc3 18. dxc6 Bf6 19. cxb7 Rb8 20. e5 Be7 21. Qxc7 Nd5 22. Rxd5 exd5 23. Nd4 Qd8 24. Qxd8 Bxd8 25. Bxd5 Bc7 26. Re1 Kh8 27. Kg2 Rfd8 28. Nc6 Rxd5 29. Nxb8 Bxb8 30. Rc1 Bxe5 31. Rc8+ Kh7 32. b8=Q Bxb8 33. Rxb8 Kg6 34. Rb5 Rd3 35. Kf1 Kf6 36. Ke2 Rc3 37. Kd2 Rf3 38. Ke2 Rc3 39. g4 Ke6 40. f4 Rh3 41. h5 Rg3 42. g5 hxg5 43. fxg5 Rh3 44. h6 gxh6 45. gxh6 Ke7 46. Rb6 f5 47. Kf2 Kf7 48. Rb5 Rxh6 49. Rxf5+ Rf6 50. Rxf6+ Kxf6 51. Ke2 Ke6 52. Kd2 Kd6 53. Kc2 Kc6 54. Kb2 Kb6 55. Kb1 Kb7 56. Kc1 Kc7 57. Kd2 Kd6 58. Ke3 Ke5 59. Kd3 Kd5 60. Kc2 Kc6 61. Kb2 Kb6 62. Ka3 Kc5 63. Ka2 Kc6 64. Kb1 Kb7 65. Kc1 Kc7 66. Kd1 Kd7 67. Ke1 Ke7 68. Kf1 Kd6 69. Ke2 Kc5 70. Kd3 Kb4 71. Kc2 Kc5 72. Kc3 Kd5 73. Kd3 Kc5 74. Kc3 Kd5 75. b4 axb4+ 76. Kxb4 Kc6 77. Ka5 Kb7 1/2-1/2


[Site "https://www.chess.com"]

[Event "Titled Tuesday Blitz January 31 Early 2023"]
[White "Ajay, Karthikeyan"]
[Black "kiwibobo"]
[WhiteFideId "35011685"]
[WhiteElo "2454"]
[BlackElo "2040"]
[Result "1-0"]
[Round "03"]
[TimeControl "180+2"]
[Date "2023.01.31"]
[WhiteClock "0:00:32"]
[BlackClock "0:00:08"]

1. d4 Nf6 2. Bf4 g6 3. Nc3 d5 4. Qd2 Bg7 5. O-O-O O-O 6. h4 h5 7. Bh6 c5 8. Bxg7 Kxg7 9. dxc5 Qa5 10. Kb1 Qxc5 11. e3 Bf5 12. Nf3 Nc6 13. Nd4 Nxd4 14. Qxd4 Qxd4 15. Rxd4 e5 16. Rd2 Rfd8 17. f3 Rac8 18. Bd3 e4 19. Be2 exf3 20. Bxf3 Ne4 21. Bxe4 dxe4 22. Rhd1 Rxd2 23. Rxd2 Rc7 24. g3 Rd7 25. Nxe4 Re7 26. Nd6 Rxe3 27. b3 Rxg3 28. Rf2 Be6 29. Nxb7 Rh3 30. Rf4 Bg4 31. Nd6 f5 32. c4 Rxh4 33. c5 Rh1+ 34. Kb2 g5 35. c6 Be2 36. Rxf5 g4 37. c7 Ba6 38. Ra5 g3 39. Rxa6 g2 40. c8=Q g1=Q 41. Nf5+ Kf7 42. Qe6+ Kf8 43. Qf6+ Kg8 44. Ne7+ Kh7 45. Qh6# 1-0


[Site "https://www.chess.com"]

[Event "Titled Tuesday Blitz January 31 Early 2023"]
[White "Skvortsov, Andrei"]
[Black "Devaev, Alexander"]
[WhiteFideId "24108600"]
[BlackFideId "4169395"]
[WhiteElo "2313"]
[BlackElo "2325"]
[Result "1/2-1/2"]
[Round "03"]
[TimeControl "180+2"]
[Date "2023.01.31"]
[WhiteClock "0:01:10"]
[BlackClock "0:00:07"]

1. e4 c6 2. c4 d5 3. exd5 cxd5 4. cxd5 Qxd5 5. Nc3 Qd6 6. d4 e6 7. Nf3 Nf6 8. Bb5+ Bd7 9. O-O Be7 10. Re1 O-O 11. Bf1 Nc6 12. g3 Rfd8 13. Bg2 Be8 14. Bf4 Qb4 15. Rb1 Nxd4 16. Nxd4 Rxd4 17. Qc2 Rc8 18. Be3 Rdc4 19. Qe2 b6 20. Red1 h6 21. h3 Bc5 22. Bxc5 Qxc5 23. g4 Rd4 24. Rxd4 Qxd4 25. Rd1 Qb4 26. Rd2 Qe7 27. Qe5 Nd7 28. Qd6 Qxd6 29. Rxd6 Ne5 30. Bf1 Kf8 31. f4 Nd7 32. Kf2 Ke7 33. Rd4 Nc5 34. Bb5 Rd8 35. Rxd8 Kxd8 36. Ke3 a6 37. Bxe8 Kxe8 38. Kd4 Kd7 39. b3 Kd6 40. Nd1 f6 41. Ne3 e5+ 42. fxe5+ fxe5+ 43. Kc3 Ne4+ 44. Kc2 Nf2 45. h4 g6 46. h5 gxh5 47. gxh5 Ke6 48. Kd2 Nh3 49. Ng4 Nf4 50. Nxh6 Nxh5 51. Ng4 Nf6 52. Ne3 b5 53. a4 Nd5 54. Nc2 bxa4 55. bxa4 Nb6 56. a5 Nc4+ 57. Ke2 Nxa5 58. Nb4 Nb3 59. Nxa6 Nd4+ 60. Kd3 Kd5 61. Nb4+ Ke6 62. Ke4 Nb3 63. Nd3 Kd6 64. Nxe5 1/2-1/2


[Site "https://www.chess.com"]

[Event "Titled Tuesday Blitz January 31 Early 2023"]
[White "Rangel, Daniel"]
[Black "Lorenzo De La Riva, Lazaro"]
[WhiteFideId "2124475"]
[BlackFideId "2268809"]
[WhiteElo "2207"]
[BlackElo "2404"]
[Result "1/2-1/2"]
[Round "03"]
[TimeControl "180+2"]
[Date "2023.01.31"]
[WhiteClock "0:00:16"]
[BlackClock "0:00:20"]

1. c4 e5 2. g3 Nc6 3. Bg2 Bc5 4. Nc3 d6 5. e3 Bf5 6. Nge2 Nb4 7. Qa4+ Bd7 8. Qb3 Nd3+ 9. Kf1 Nf6 10. Nd5 e4 11. Nef4 Nxf4 12. gxf4 Nxd5 13. cxd5 f5 14. f3 exf3 15. Bxf3 O-O 16. h4 Kh8 17. h5 h6 18. Qc2 Bb5+ 19. Kf2 Qe7 20. b3 Rae8 21. Qc3 Rf6 22. Bb2 c6 23. Rag1 Ref8 24. Rg6 Rxg6 25. hxg6 Kg8 26. Rxh6 Rf6 27. Rh2 Rxg6 28. Rg2 Rxg2+ 29. Kxg2 cxd5 30. Bxd5+ Kf8 31. b4 Bb6 32. Qc8+ Be8 33. Qxf5+ Bf7 34. Qxf7+ Qxf7 35. Bxf7 Kxf7 36. Kf3 g6 37. Ke4 Ke6 38. Bd4 d5+ 39. Kd3 Bc7 40. Bxa7 b6 41. a4 Kd6 42. Kd4 Kc6 43. a5 bxa5 44. bxa5 Bxa5 45. Kd3 Bb4 46. Bd4 Be7 47. Bc3 Kd7 48. Ke2 Ke6 49. Kf3 Bc5 50. Kg4 Be7 51. Bd4 Bd8 52. d3 Be7 53. Kf3 Kf7 54. Kg4 Bd8 55. Be5 Bb6 56. Kf3 Ke6 57. Bh8 Kf5 58. Bb2 Ke6 59. Bc3 Kf5 60. Ke2 Ba7 61. Kf3 Bb6 62. e4+ dxe4+ 63. dxe4+ Ke6 64. Kg4 Kf7 65. Be5 Ba5 66. Kg5 Bd8+ 67. Kg4 Be7 68. Kf3 Bd8 69. Ke3 Be7 70. Kd4 Bd8 71. Kd5 Bh4 72. Bd6 Bd8 73. Bc5 Bh4 74. Bb6 Bg3 75. Be3 Bh4 76. Ke5 Bd8 77. f5 gxf5 78. Kxf5 Bc7 79. Bd4 Ke8 80. Ke6 Ba5 81. e5 Be1 82. Kf6 Ba5 83. e6 Bb4 84. Ke5 Be7 85. Kd5 Bg5 86. Be5 Be7 87. Bf4 Bh4 88. Bd6 Be1 89. Bc5 Ba5 90. Ke5 Bc7+ 91. Kf5 Ba5 92. Bd4 Bb4 93. Bf6 Bd6 94. Be5 Be7 95. Bf4 Bc5 96. Bh6 Bb4 97. Bg5 Bc5 98. Bc1 Bb4 99. Bb2 Ba5 100. Ba1 Bb6 101. Ke5 Ba5 102. Kd5 Be1 103. Kc6 Bg3 104. Kd5 Bh4 105. Bd4 Be7 106. Bc5 Bxc5 107. Kxc5 Ke7 108. Kd5 Ke8 109. Kd6 Kd8 110. Kd5 Ke7 111. Ke5 Ke8 112. Kf6 Kf8 113. e7+ Ke8 114. Kg6 Kxe7 1/2-1/2


[Site "https://www.chess.com"]

[Event "Titled Tuesday Blitz January 31 Early 2023"]
[White "Vovk, Orest"]
[Black "Lauridsen, Jesper Morch"]
[WhiteFideId "14113490"]
[BlackFideId "1401890"]
[WhiteElo "2315"]
[BlackElo "2309"]
[Result "1-0"]
[Round "03"]
[TimeControl "180+2"]
[Date "2023.01.31"]
[WhiteClock "0:00:24"]
[BlackClock "0:00:02"]

1. h4 b6 2. h5 Bb7 3. h6 Nxh6 4. Nc3 Ng8 5. d4 g6 6. e4 Bg7 7. Nf3 e6 8. Bg5 Ne7 9. Qd2 h5 10. O-O-O f6 11. Be3 d6 12. Bc4 Qd7 13. d5 exd5 14. exd5 Nf5 15. Nd4 Nxd4 16. Qxd4 f5 17. Qh4 Qf7 18. Nb5 Na6 19. Nxd6+ cxd6 20. Bxa6 Bxa6 21. Qa4+ Qd7 22. Qxa6 Rc8 23. Bd4 Bxd4 24. Rhe1+ Be5 25. f4 Qc7 26. c3 Qc4 27. Qxc4 Rxc4 28. fxe5 dxe5 29. Rxe5+ Kd7 30. Rde1 Rh7 31. Re6 Rg4 32. R1e2 h4 33. Re8 h3 34. gxh3 Rxh3 35. Ra8 a5 36. Ra7+ Kd6 37. Rd2 Rh1+ 38. Kc2 1-0


[Site "https://www.chess.com"]

[Event "Titled Tuesday Blitz January 31 Early 2023"]
[White "Bilan, Danila"]
[Black "Cueto, Jonny"]
[WhiteFideId "24161918"]
[BlackFideId "3300145"]
[WhiteElo "2303"]
[BlackElo "2122"]
[Result "1-0"]
[Round "03"]
[TimeControl "180+2"]
[Date "2023.01.31"]
[WhiteClock "0:00:05"]
[BlackClock "0:00:05"]

1. d4 d6 2. Nf3 Nd7 3. g3 e5 4. Bg2 Ngf6 5. c4 g6 6. Nc3 Bg7 7. O-O O-O 8. dxe5 dxe5 9. Qc2 c6 10. Rd1 Qe7 11. e4 a5 12. h3 Nc5 13. Be3 Re8 14. b3 h6 15. a3 Nh7 16. b4 Ne6 17. c5 Nhg5 18. Nxg5 hxg5 19. Ne2 Rd8 20. Rxd8+ Qxd8 21. Rd1 Qe7 22. Qc4 axb4 23. axb4 Nc7 24. Qc1 Bf6 25. Rd6 Be6 26. g4 Nb5 27. Rd1 Ra2 28. Nc3 Nxc3 29. Qxc3 Kg7 30. Ra1 Rxa1+ 31. Qxa1 Qd7 32. Qc1 Qd3 33. Bxg5 Bxg5 34. Qxg5 Qc3 35. Kh2 f6 36. Qe3 Qxb4 37. Bf3 Qd4 38. Qa3 Qc4 39. h4 Bf7 40. h5 Qb5 41. Qe3 g5 42. Kg2 Qc4 43. Qa3 Qd4 44. Qa7 Qb2 45. Qb8 Qb5 46. Qd6 b6 47. h6+ Kg6 48. h7 Kxh7 49. Qxf6 Bg6 50. cxb6 Qxb6 51. Qxe5 c5 52. Qxg5 c4 53. Qe7+ Kh6 54. g5# 1-0


[Site "https://www.chess.com"]

[Event "Titled Tuesday Blitz January 31 Early 2023"]
[White "Bruned, Yvain"]
[Black "Zaichenko, Daria"]
[WhiteFideId "2250292"]
[BlackFideId "4197453"]
[WhiteElo "2286"]
[BlackElo "2104"]
[Result "1/2-1/2"]
[Round "03"]
[TimeControl "180+2"]
[Date "2023.01.31"]
[WhiteClock "0:00:48"]
[BlackClock "0:01:48"]

1. b3 d5 2. Bb2 c5 3. e3 Nc6 4. Bb5 Bd7 5. Nf3 Nf6 6. Bxc6 Bxc6 7. Ne5 e6 8. Nxc6 bxc6 9. O-O Be7 10. d3 O-O 11. Nd2 Nd7 12. f4 f5 13. Qe2 Bf6 14. Bxf6 Qxf6 15. Nf3 e5 16. fxe5 Nxe5 17. Nxe5 Qxe5 18. Rae1 Rae8 19. Qf2 Qc3 20. Re2 d4 21. exd4 Rxe2 22. Qxe2 cxd4 23. Qe6+ Kh8 24. Rxf5 Qa1+ 25. Kf2 Rxf5+ 26. Qxf5 h6 27. Qc8+ Kh7 28. Qxc6 Qxa2 29. Qe4+ Kh8 30. Qe8+ Kh7 31. Qe4+ Kh8 32. Qc6 Qb2 33. Qe8+ Kh7 34. Qe4+ Kh8 35. Qe2 Qc1 36. h3 Qf4+ 37. Qf3 Qd2+ 38. Qe2 Qf4+ 39. Kg1 Qc1+ 40. Kh2 a5 41. Qe8+ Kh7 42. Qe4+ Kh8 43. Qxd4 Qxc2 44. Qd8+ Kh7 45. Qxa5 Qxd3 46. Qa4 Qd6+ 47. Kg1 Qd1+ 48. Kf2 Qd2+ 49. Kg3 Qe3+ 50. Kh2 Qe5+ 51. Kg1 Qe1+ 52. Kh2 Qe5+ 53. Kg1 Qe1+ 54. Kh2 Qe5+ 1/2-1/2


[Site "https://www.chess.com"]

[Event "Titled Tuesday Blitz January 31 Early 2023"]
[White "Tymrakiewicz, Rafal"]
[Black "Martin, Lewis"]
[WhiteFideId "1108832"]
[BlackFideId "410551"]
[WhiteElo "2144"]
[BlackElo "2135"]
[Result "1/2-1/2"]
[Round "03"]
[TimeControl "180+2"]
[Date "2023.01.31"]
[WhiteClock "0:00:02"]
[BlackClock "0:00:06"]

1. d4 d5 2. Bg5 f6 3. Bd2 Nc6 4. e3 e5 5. Nf3 e4 6. Ng1 Be6 7. c4 dxc4 8. Nc3 f5 9. Nh3 Nf6 10. Nf4 Bf7 11. h4 a6 12. b3 cxb3 13. axb3 Bb4 14. Bc4 O-O 15. h5 Nxd4 16. exd4 Qxd4 17. Nfe2 Qc5 18. Na4 Qa5 19. Bxb4 Qxb4+ 20. Qd2 Qxd2+ 21. Kxd2 Bxc4 22. bxc4 b5 23. cxb5 axb5 24. Nc5 Rxa1 25. Rxa1 Nxh5 26. Ra7 c6 27. Ne6 Re8 28. N2f4 Nxf4 29. Nxf4 g5 30. Nh5 Rd8+ 31. Kc2 h6 32. Rc7 Rd6 33. Ng7 f4 34. Ne8 Re6 35. Rc8 Kf7 36. Nc7 Re7 37. Na6 e3 38. fxe3 fxe3 39. Kd1 e2+ 40. Ke1 h5 41. Rxc6 Re5 42. Nc5 g4 43. Nd3 Re4 44. Rc5 Rd4 45. Kxe2 h4 46. Rxb5 h3 47. gxh3 gxh3 48. Rh5 Re4+ 49. Kf3 Ra4 50. Rxh3 Kg6 51. Ke3 Kg7 52. Rg3+ Kf7 53. Rf3+ Kg7 54. Rf1 Kg6 55. Rf2 Kg7 56. Ne5 Kg8 57. Rf1 Kg7 58. Nf3 Kg6 59. Nd4 Kg7 60. Ke4 Ra5 61. Rc1 Kg6 62. Rc6+ Kg5 63. Nf3+ Kg4 64. Rg6+ Kh5 65. Rg1 Kh6 66. Kf4 Kh7 67. Ne5 Ra2 68. Kg5 Kg7 69. Rb1 Kf8 70. Rb7 Ke8 71. Kf6 Kd8 72. Ke6 Kc8 73. Rh7 Ra6+ 74. Kd5 Kd8 75. Rg7 Ke8 76. Rb7 Kf8 77. Nd7+ Kg8 78. Nc5 Rh6 79. Ke4 Kf8 80. Ke5 Ke8 81. Ne6 Rh5+ 82. Kd6 Rd5+ 83. Kxd5 1/2-1/2


[Site "https://www.chess.com"]

[Event "Titled Tuesday Blitz January 31 Early 2023"]
[White "Filgueiras, Nathan Felipe"]
[Black "Trigo Urquijo, Sergio"]
[WhiteFideId "2188562"]
[BlackFideId "2262436"]
[WhiteElo "2319"]
[BlackElo "2408"]
[Result "0-1"]
[Round "03"]
[TimeControl "180+2"]
[Date "2023.01.31"]
[WhiteClock "0:01:21"]
[BlackClock "0:01:26"]

1. e4 c6 2. d4 d5 3. exd5 cxd5 4. Bd3 Nc6 5. c3 Qc7 6. Ne2 Nf6 7. O-O g6 8. Ng3 Bg7 9. Qe2 O-O 10. Nd2 a6 11. Re1 b5 12. h3 Re8 13. a3 Na5 14. Rb1 Nc4 15. Nxc4 dxc4 16. Bc2 Bb7 17. Ne4 e5 18. Nxf6+ Bxf6 19. dxe5 Rxe5 20. Qd1 Qc6 21. f3 Rxe1+ 22. Qxe1 Re8 23. Qf2 Bd8 24. Kh1 Bc7 25. Bg5 Qd6 26. f4 Qd7 27. Rd1 Qxh3+ 28. Kg1 Qe6 29. Kh2 f6 30. Bh6 Qg4 31. Rd7 Bb6 32. Qg3 Qxd7 33. Bxg6 hxg6 34. Qxg6+ Kh8 35. Qxf6+ Kh7 36. Qxb6 Re6 0-1


[Site "https://www.chess.com"]

[Event "Titled Tuesday Blitz January 31 Early 2023"]
[White "Jiganchine, Roman"]
[Black "Ibarra Jerez, Jose Carlos"]
[WhiteFideId "2603667"]
[BlackFideId "2226332"]
[WhiteElo "2205"]
[BlackElo "2563"]
[Result "0-1"]
[Round "03"]
[TimeControl "180+2"]
[Date "2023.01.31"]
[WhiteClock "0:00:51"]
[BlackClock "0:01:29"]

1. e4 c5 2. Nf3 e6 3. g3 Nc6 4. Bg2 Nf6 5. d3 d5 6. Qe2 g6 7. O-O Bg7 8. e5 Nd7 9. Bf4 h6 10. h4 b6 11. Re1 Bb7 12. c3 a5 13. Nbd2 Qc7 14. a4 Rc8 15. Nf1 Ba6 16. Qe3 Ne7 17. g4 h5 18. Bh3 hxg4 19. Bxg4 Bb7 20. d4 Ba6 21. Ng3 Nf5 22. Bxf5 gxf5 23. Bg5 Nf8 24. h5 Nh7 25. Bf4 Qe7 26. Ng5 Bh6 27. Nxh7 Bxf4 28. Qxf4 Rxh7 29. Kg2 Qf8 30. Nxf5 exf5 31. e6 Qg7+ 32. Kf3 Qg4+ 33. Qxg4 fxg4+ 34. Kxg4 Rc6 35. exf7+ Kxf7 36. Re5 Bc8+ 37. Kh4 Rf6 38. Kg3 Rg7+ 0-1


[Site "https://www.chess.com"]

[Event "Titled Tuesday Blitz January 31 Early 2023"]
[White "Zahid, Sanatan"]
[Black "Mushini Ajay"]
[WhiteFideId "10201963"]
[BlackFideId "35066188"]
[WhiteElo "1930"]
[BlackElo "2310"]
[Result "1-0"]
[Round "03"]
[TimeControl "180+2"]
[Date "2023.01.31"]
[WhiteClock "0:00:07"]
[BlackClock "0:00:03"]

1. e4 c5 2. Nf3 e6 3. d4 cxd4 4. Nxd4 a6 5. c4 Nf6 6. Nc3 Bb4 7. Qd3 Nc6 8. Be2 O-O 9. O-O Nxd4 10. Qxd4 d6 11. f3 Bc5 12. Be3 Bxd4 13. Bxd4 Qe7 14. Rfd1 Bd7 15. a4 Bc6 16. Bf2 d5 17. exd5 exd5 18. c5 Rad8 19. Bf1 d4 20. Ne2 d3 21. Nd4 Rxd4 22. Bxd4 Rd8 23. Bf2 d2 24. b4 Qd7 25. Be3 Nd5 26. Bg5 f6 27. Bxd2 Bxa4 28. Re1 Bb5 29. Re4 Bxf1 30. Rxf1 f5 31. Rd4 Re8 32. Rc1 Re2 33. h4 Qe6 34. Kf1 h6 35. Rxd5 Qxd5 36. Kxe2 Qe5+ 37. Kf1 Qd4 38. Ke2 Qxh4 39. c6 bxc6 40. Rxc6 Qg3 41. Kf1 h5 42. Rxa6 h4 43. Be1 Qg5 44. Ra3 Qf4 45. Rd3 Qc4 46. Ke2 g5 47. Ke3 g4 48. Rd8+ Kf7 49. fxg4 Qe4+ 50. Kf2 Qxg4 51. Rd3 Kg6 52. Rf3 Kh5 53. Bd2 Qd4+ 54. Be3 Qxb4 55. Rxf5+ Kg6 56. Rf4 Qb2+ 57. Kf3 Qb7+ 58. Kf2 Qe7 59. Rg4+ Kh5 60. Rf4 Kg6 61. Rg4+ Kf7 62. Kf3 Qb7+ 63. Kf2 Qb2+ 64. Kg1 Qc3 65. Bf2 h3 66. Rf4+ Kg6 67. g3 Qc6 68. Rg4+ Kf7 69. Rf4+ Ke8 70. Kf1 Qg2+ 71. Ke2 h2 72. Rb4 h1=Q 73. Rb8+ Kd7 74. Rb3 Qgf1+ 75. Ke3 1-0


[Site "https://www.chess.com"]